 Dungeon Crawl Stone Soup version 0.18-b1-23-gf76aad1 (webtiles) character file.

31 Gingerlord the Skirmisher (level 3, 0/30 HPs)
             Began as a Formicid Abyssal Knight on May 5, 2016.
             Was a Follower of Lugonu.
             Slain by a goblin (3 damage)
             ... on level 2 of the Dungeon.
             The game lasted 00:02:40 (917 turns).

Gingerlord the Skirmisher (Formicid Abyssal Knight)  Turns: 917, Time: 00:02:40

Health: 0/30       AC:  5    Str: 16    XL:     3   Next: 40%
Magic:  4/4        EV: 11    Int: 11    God:    Lugonu [*.....]
Gold:   39         SH:  0    Dex: 11    Spells: 0 memorised, 2 levels left

rFire  . . .     SeeInvis +     a - +1 spear
rCold  . . .     Gourm    .     b - +0 leather armour
rNeg   . . .     Faith    .     (no shield)
rPois  .         Spirit   .     (helmet unavailable)
rElec  .         Dismiss  .     (no cloak)
rCorr  .         Reflect  .     (no gloves)
SustAt .         Harm     .     (no boots)
MR     .....                    (no amulet)
Stlth  +.........               (no ring)
                                (no ring)

@: not resistant to hostile enchantments, very unstealthy
A: permanent stasis, dig shafts and tunnels, four strong arms, antennae 3, slimy
green scales 1, regeneration 1
a: Dig, Shaft Self, Depart the Abyss, Renounce Religion


You were on level 2 of the Dungeon.
You worshipped Lugonu.
Lugonu was aware of your devotion.
You were not hungry.

You visited 1 branch of the dungeon, and saw 2 of its levels.
You visited the Abyss 1 time.

You collected 39 gold pieces.

Inventory:

Hand Weapons
 a - a +1 spear (weapon)
Armour
 b - a +0 leather armour (worn)
Scrolls
 f - 2 scrolls of amnesia {unknown}
Comestibles
 c - a bread ration
 d - a meat ration


   Skills:
 * Level 3.7 Fighting
 * Level 2.4 Polearms
 + Level 2.7 Armour
 + Level 1.1 Dodging
 + Level 2.5 Invocations


You had 2 spell levels left.
You didn't know any spells.

Dungeon Overview and Level Annotations

Branches:
Dungeon (2/15)

Altars:
Gozag

Annotations:
D:2 Terence


Innate Abilities, Weirdness & Mutations

You are under a permanent stasis effect.
You can dig through walls and to a lower floor.
Your four strong arms can wield two-handed weapons with a shield.
You have a pair of large antennae on your head (SInv).
You are partially covered in slimy green scales (AC +2).
Your natural rate of healing is unusually fast.


Message History

You hit Terence but do no damage.
Terence is severely wounded.
Terence hits you with a mace.
* * * LOW HITPOINT WARNING * * *
The goblin closely misses you.
Drink which item? (? for menu, Esc to quit)
It was a potion of beneficial mutation.
Slimy green scales grow over part of your body.
You feel fantastic!
Terence screams, "I'm going to kill you!"
Terence barely misses you. The goblin misses you.
Terence completely misses you.
Found 18 gold pieces.
Drink which item? (? for menu, Esc to quit)
You begin to heal more quickly.
You feel fantastic! The goblin closely misses you.
Unknown command.
Found an opulent altar of Gozag.
The goblin hits you.
You die...

#.....# #.....# .
+.....+ ...
#.....#.....
#@##<.{...#
##@#####...#
###..#####.#.#
#....g........#
.....####@####....
.#... #%....# ..
#.. #....$..# #.
#.......# #.
....._.....
..#.......#..
##.#.......#... #
##.....## ..


You could see Terence and a goblin.

Vanquished Creatures
  A dart slug (D:1)
  A giant gecko (D:1)
  A ball python (D:1)
  5 bats (D:1)
  4 hobgoblins (D:1)
  3 jackals (D:1)
  A kobold (D:1)
  A giant newt (D:1)
  4 goblins (D:1)
  4 rats (D:1)
25 creatures vanquished.

Notes
Turn   | Place    | Note
--------------------------------------------------------------
     0 | Abyss:1  | Gingerlord the Formicid Abyssal Knight began the quest for the Orb.
     0 | Abyss:1  | Reached XP level 1. HP: 18/18 MP: 2/2
    29 | D:1      | Escaped the Abyss
   286 | D:1      | Reached XP level 2. HP: 20/24 MP: 3/3
   309 | D:1      | Reached skill level 1 in Dodging
   319 | D:1      | Reached * piety under Lugonu
   539 | D:1      | Reached XP level 3. HP: 27/29 MP: 4/4
   896 | D:2      | Noticed Terence
   907 | D:2      | HP: 1/30 [Terence/mace (5)]
   908 | D:2      | Gained mutation: You are partially covered in slimy green scales (AC +2). [potion of beneficial mutation]
   913 | D:2      | Gained mutation: Your natural rate of healing is unusually fast. [potion of beneficial mutation]
   915 | D:2      | Found an opulent altar of Gozag.
   917 | D:2      | Slain by a goblin

Skill      XL: |  1  2 |
---------------+-------+-----
Dodging        | 1 |  1.1
Fighting       | |  3.7
Polearms       | |  2.4
Armour         | |  2.7
Invocations    | |  2.5

Action                   || total
-------------------------++-------
Melee: Spear             ||   100
Invok: Depart the Abyss  ||     1
  Use: Potion            ||     2
Armor: Leather armour    ||    31
Dodge: Dodged            ||    63
